 Dungeon Crawl Stone Soup version 0.23-a0-445-g768d57b (webtiles) character file.

8 Dfrag the Firebug (level 2, 10/19 HPs)
             Began as a Demonspawn Fire Elementalist on Nov 17, 2018.
             Quit the game on level 1 of the Dungeon.
             The game lasted 00:00:27 (194 turns).

Dfrag the Firebug (Demonspawn Fire Elementalist)     Turns: 194, Time: 00:00:27

Health: 10/19      AC:  2    Str:  8    XL:     2   Next: 0%
Magic:  0/5        EV: 12    Int: 16    God:
Gold:   50         SH:  0    Dex: 13    Spells: 4/5 levels left

rFire    . . .     SeeInvis .   (no weapon)
rCold    . . .     Gourm    .   (no shield)
rNeg     . . .     Faith    .   a - +0 robe
rPois    .         Spirit   .   (no helmet)
rElec    .         Reflect  .   (no cloak)
rCorr    .         Harm     .   (no gloves)
MR       .....                  (no boots)
Stlth    ++........             g - amulet of inaccuracy (curse)
HPRegen  0.06/turn              (no ring)
MPRegen  0.09/turn              (no ring)

@: no status effects
A: claws 1
a: no special abilities


You were on level 1 of the Dungeon.
You were not hungry.

You visited 1 branch of the dungeon, and saw 1 of its levels.

You collected 50 gold pieces.

Inventory:

Armour
 a - a +0 robe (worn)
Jewellery
 b - an uncursed amulet of faith
 g - a cursed amulet of inaccuracy (around neck)
Scrolls
 h - a scroll of magic mapping {unknown}
Potions
 d - a potion of curing {unknown}
 e - a potion of haste {unknown}
Comestibles
 c - 2 rations
 f - a chunk of flesh


   Skills:
 - Level 1.7 Dodging
 - Level 1.7 Stealth
 + Level 2.2 Spellcasting
 + Level 1.4 Conjurations
 + Level 2.8 Fire Magic


You had 4 spell levels left.
You knew the following spells:

 Your Spells              Type           Power        Failure   Level  Hunger
a - Flame Tongue          Conj/Fire      #....        9%          1    #......

Your spell library contained the following spells:

 Spells                   Type           Power        Failure   Level  Hunger
 Throw Flame              Conj/Fire      #.....       13%         2    ###....
 Conjure Flame            Conj/Fire      #.......     26%         3    ###....
 Inner Flame              Hex/Fire       #.......     32%         3    ###....
 Sticky Flame             Conj/Fire      #.......     63%         4    #####..
 Fireball                 Conj/Fire      #.........   93%         5    ######.


Dungeon Overview and Level Annotations

Branches:
Dungeon (1/15)

Altars:


Innate Abilities, Weirdness & Mutations

You have sharp fingernails.


Message History

A bat comes into view.
Found 7 stones.
The goblin closely misses you.
Found 12 gold pieces.
The bat closely misses you. The bat barely misses you.
Found 15 gold pieces.
Casting: Flame Tongue (safe; 9% risk of failure)
Confirm with . or Enter, or press ? or * to list all spells.
Aiming: Flame Tongue (safe; 9% risk of failure)
Press: ? - help, Shift-Dir - straight line, f - bat
Aim: a bat The flame tongue hits the bat.
You kill the bat!
You have reached level 2!
You feel monstrous as your demonic heritage exerts itself.
Your demonic ancestry asserts itself...
Your fingernails lengthen.
The goblin hits you with a +0 dagger.
Are you sure you want to abandon this character and quit the game? (Confirm

.$.... $..# .....( ...# #
...... ...# #
......#####...# #
..............## #
.............#.. #
#.........#... #####
######....@....#....###..(.
.........g.....#...........
...............#...........
..........†....#..........#
...............+.......)..#
#############..#..........#
#..############ #......#
#.#..#.##


You could see a goblin.

Vanquished Creatures
  A giant cockroach (D:1)
  3 goblins (D:1)
  3 bats (D:1)
  A rat (D:1)
8 creatures vanquished.

Notes
Turn   | Place    | Note
-------+----------+-------------------------------------------
     0 | D:1      | Dfrag the Demonspawn Fire Elementalist began the quest for
                  | the Orb.
     0 | D:1      | Reached XP level 1. HP: 13/13 MP: 3/3
   193 | D:1      | Gained mutation: You have sharp fingernails. [demonic
                  | ancestry]
   193 | D:1      | Reached XP level 2. HP: 11/19 MP: 0/5
   194 | D:1      | Quit the game

Vault maps used:
D:1:      onia_arrival_mini_maze, minmay_tromino_i2

Action                   || total
-------------------------++-------
Melee: Unarmed           ||    19
 Cast: Flame Tongue      ||    12
Armor: Robe              ||    17
Dodge: Dodged            ||    26

Table legend:
 A = Non-vault XP
 B = Vault XP
 C = Vault XP percentage of total XP
 D = Non-vault monster count
 E = Vault monster count
 F = Vault count percentage of total count
                 A         B        C        D         E       F
            +---------+---------+-------+---------+---------+-------
      Total |      11 |       1 |   8.3 |       7 |       1 |  12.5
            +---------+---------+-------+---------+---------+-------
        D:1 |      11 |       1 |   8.3 |       7 |       1 |  12.5
            +---------+---------+-------+---------+---------+-------
